 Dungeon Crawl Stone Soup version 0.30-a0-341-g682706514a (webtiles) character file.

Game seed: 11747958666351798470

30 Alacron the Magician (level 3, -1/25 HPs)
             Began as a Djinni Fire Elementalist on Nov 1, 2022.
             Slain by Natasha (6 damage)
             ... on level 2 of the Dungeon.
             The game lasted 00:07:09 (1261 turns).

Alacron the Magician (Djinni Fire Elementalist)     Turns: 1261, Time: 00:07:10

Health: -1/25      AC:  6    Str:  7    XL:     3   Next: 35%
Gold:   88         EV: 19    Int: 18    God:
                   SH:  0    Dex: 13

rFire   + + +      SeeInvis .    (weapon currently unavailable)
rCold   + + +      Faith    .    (shield currently unavailable)
rNeg    + + +      Spirit   .    (body armour currently unavailable)
rPois   ∞          Reflect  .    (helmet currently unavailable)
rElec   +          Harm     .    (cloak currently unavailable)
rCorr   +          Rampage  .    (gloves currently unavailable)
Will    .....                    (boots unavailable)
Stlth   ++........               (amulet currently unavailable)
HPRegen 0.24/turn                (ring currently unavailable)
MPRegen 0.00/turn                (ring currently unavailable)

@: brilliant, wisp-form, resistant, attractive, flying
A: insubstantial, flying, no casting, sickness immunity, tiny, (fire resistance
2), (cold vulnerability 1), float, innate caster, HP casting, extra vitality 1
a: no special abilities


You were on level 2 of the Dungeon.
You were an insubstantial wisp.
You visited 1 branch of the dungeon, and saw 2 of its levels.

You collected 88 gold pieces.

Inventory:

Hand Weapons
 p - a +2 mace of holy wrath
Armour
 a - a +0 robe (melded)
 m - a +0 cloak (melded)
 n - a +0 helmet (melded)
Magical Staves
 o - a staff of cold (melded)
Jewellery
 q - a ring of fire
Scrolls
 d - a scroll of acquirement {unknown}
 e - a scroll of silence {unknown}
 f - a scroll of vulnerability {unknown}
 h - a scroll of amnesia {unknown}
 i - 3 scrolls of identify {unknown}
 r - a scroll of immolation {unknown}
Potions
 g - a potion of heal wounds {unknown}
 j - 2 potions of brilliance
 k - a potion of degeneration {unknown}
 l - a potion of cancellation {unknown}


   Skills:
 + Level 2.2 Dodging
 + Level 1.7 Stealth
 + Level 3.2 Spellcasting


You couldn't memorise any spells.
You knew the following spells:

 Your Spells              Type           Power      Damage    Failure   Level
a - Foxfire               Conj/Fire      84%        2x1d8     4%          1
b - Scorch                Fire           42%        2d7       6%          2
c - Kindle Blastsparks    Fire/Tloc/Air  42%        2d13      13%         3
d - Inner Flame           Hex/Fire       21%        N/A       13%         3
e - Flame Wave            Conj/Fire      21%        2d8       38%         4
f - Sandblast             Erth           42%        2d11      4%          1
Your spell library was empty.

Dungeon Overview and Level Annotations

Branches:
Dungeon (2/15)

Altars:

Annotations:
D:2 Natasha


Innate Abilities, Weirdness & Mutations

You are an insubstantial wisp.
Your tiny insubstantial body is highly resistant to most damage types.
You are flying.
Your equipment is entirely melded.
You are incapable of wielding weapons or throwing items.
You cannot cast spells.
You are immune to sickness and miasma.
You are immune to poison.
((Your flesh is very heat resistant. (rF++)))
((You are vulnerable to cold. (rC-)))
You float through the air rather than walking.
You learn spells naturally, not from books.
Your magical power is your life essence.
You have superior vitality. (+4 MHP)


Message History

You hit the crimson imp.
The crimson imp is moderately wounded.
The crimson imp hits you.
Natasha mumbles some strange words.
Natasha's front paws start to glow.
You hit the crimson imp but do no damage.
The crimson imp is moderately wounded.
The crimson imp summons a swarm of flies.
The crimson imp closely misses you. x2
You completely miss the crimson imp.
The crimson imp is lightly wounded.
The crimson imp disappears in a puff of smoke!
Natasha mumbles some strange words.
Natasha glows brightly for a moment.
Your foxfire dissipates!
The white imp gestures at you. The puff of frost hits you!
* * * LOW HITPOINT WARNING * * *
Casting: Foxfire (safe; 4% risk of failure)
Confirm with . or Enter, or press ? or * to list all spells.
You conjure some foxfire!
* * * LOW HITPOINT WARNING * * *
The foxfire hits the white imp but does no damage.
Your foxfire dissipates!
The white imp disappears in a puff of smoke!
Found an escape hatch in the floor.
Natasha zaps a wand.
You turn into an insubstantial wisp.
Your staff of cold melds into your body.
Your +0 cloak melds into your body.
Your +0 helmet melds into your body.
Your +0 robe melds into your body.
It was a potion of attraction.
You feel attractive to monsters. The hobgoblin is attracted toward you.
It was a potion of resistance.
You feel protected. Natasha completely misses you.
It was a potion of brilliance.
You feel clever all of a sudden. Natasha claws you.
You die...

#### ## #>######### #.<###. .
#.....vhg.# ##.#.##. . ##.
#########§# ##.###.#. #.#..#
#.#####.## ##.. #<...###
#.h..g.## ##. #......# #######)##
##.. ##....#.# ##.###...
.....?..###################g#.###
#.g.....w.....gh5.5g...##
#.........##############


You could see Natasha and a hobgoblin.

Vanquished Creatures
  2 dart slugs (D:1)
  6 ball pythons
  An endoplasm (D:1)
  2 giant cockroaches (D:1)
  2 hobgoblins (D:1)
  A quokka (D:1)
  2 frilled lizards
  2 goblins
  3 kobolds
  3 rats
  A spectral goblin (D:1)
25 creatures vanquished.

Vanquished Creatures (others)
  69 foxfires
69 creatures vanquished.

Grand Total: 94 creatures vanquished

Notes
Turn   | Place    | Note
-------+----------+-------------------------------------------
     0 | D:1      | Alacron the Djinni Fire Elementalist began the quest for
                  | the Orb.
     0 | D:1      | Alacron set off with the following spells memorised:
                  | Foxfire, Scorch, Kindle Blastsparks, Inner Flame, Flame
                  | Wave.
     0 | D:1      | Reached XP level 1. HP: 15/15 MP: 0/0
   269 | D:1      | Reached XP level 2. HP: 15/21 MP: 0/0
   432 | D:1      | Reached skill level 3 in Spellcasting
   532 | D:1      | Found a faded altar of an unknown god.
   545 | D:1      | Reached XP level 3. HP: 25/25 MP: 0/0
   545 | D:1      | Learned a level 1 spell: Sandblast
  1206 | D:2      | Noticed Natasha
  1261 | D:2      | Slain by Natasha

Illustrated notes

Levels and vault maps discovered:
D:1:      lightli_arrival_lavapool, layout_loops_ring,
          dreamdust_ecumenical_altar_drowned_temple
D:2:      layout_loops_ring, uniq_crazy_yiuf_cottage, uniq_natasha, uniq_terence

Skill      XL: |  1  2 |
---------------+-------+-----
Spellcasting   | 3 |  3.2
Dodging        | |  2.2
Stealth        | |  1.7

Action                   || total
-------------------------++-------
Melee: Unarmed           ||     6
       Staff             ||    16
 Cast: Foxfire           ||    55
  Use: Potion            ||     3
Armor: Robe              ||     8
       Skin              ||     1
Dodge: Dodged            ||    25

Table legend: (Time is in decaauts)
 A = Elapsed time spent in this place.
 B = Non-inter-level travel time spent in this place.
 C = Inter-level travel time spent in this place.
 D = Time resting spent in this place.
 E = Time spent auto-exploring this place.
 F = Levels seen in this place.
 G = Mean time per level.
                   A        B        C        D        E       F      G
               +--------+--------+--------+--------+--------+-----+--------+
         Total |   1272 |   1142 |    130 |      0 |    889 |   2 |  636.0 |
       Dungeon |   1272 |   1142 |    130 |      0 |    889 |   2 |  636.0 |
               +--------+--------+--------+--------+--------+-----+--------+

Top non-repeatable levels by time:
     D:1: 974 daAuts
     D:2: 297 daAuts
